 Dungeon Crawl Stone Soup version 0.26.1-2-gb8aa6d0cf2 (webtiles) character file.

Game seed: 9778234869487628038

809 Groucho the Covert (level 7, -1/32 HPs)
             Began as a Spriggan Enchanter on Feb 26, 2021.
             Slain by a centaur
             ... wielding a +0 glaive
              (10 damage)
             ... on level 5 of the Dungeon on Feb 27, 2021.
             The game lasted 00:16:39 (11483 turns).

Groucho the Covert (Spriggan Enchanter)            Turns: 11483, Time: 00:16:40

Health: -1/32      AC:  3    Str:  6    XL:     7   Next: 61%
Magic:  10/16      EV: 18    Int: 16    God:
Gold:   282        SH:  0    Dex: 17    Spells: 10/16 levels left

rFire    . . .     SeeInvis +   a - +1 dagger
rCold    . . .     Faith    .   (shield restricted)
rNeg     . . .     Spirit   .   b - +1 robe
rPois    .         Reflect  .   (helmet restricted)
rElec    .         Harm     .   (no cloak)
rCorr    .         Rampage  .   (gloves unavailable)
Will     +....                  (boots unavailable)
Stlth    +++++.....             (no amulet)
HPRegen  0.10/turn              (no ring)
MPRegen  0.15/turn              (no ring)

@: very quick
A: very small, unfitting armour, see invisible, speed 3
a: no special abilities


You were on level 5 of the Dungeon.
You visited 1 branch of the dungeon, and saw 5 of its levels.

You collected 282 gold pieces.

Inventory:

Hand Weapons
 a - a +1 dagger (weapon)
 p - a +0 vampiric dagger
Missiles
 g - 108 stones
 n - 21 poisoned darts (quivered)
Armour
 b - a +1 robe (worn)
Jewellery
 d - a cursed ring of teleportation
 h - an uncursed amulet of guardian spirit
Wands
 o - a wand of iceblast (8)
Scrolls
 e - 5 scrolls of teleportation
 f - a scroll of fog
 i - a scroll of remove curse
 m - a scroll of enchant armour
 s - a scroll of fear {unknown}
 t - a scroll of immolation {unknown}
 u - a scroll of enchant weapon {unknown}
 v - a scroll of random uselessness {unknown}
Potions
 c - a potion of curing
 j - a potion of flight
 k - a potion of heal wounds {unknown}
 l - a potion of cancellation {unknown}
 q - a potion of might {unknown}
 r - a potion of lignification {unknown}


   Skills:
 - Level 1.1 Short Blades
 - Level 3.0 Dodging
 * Level 10.9 Stealth
 + Level 5.3 Spellcasting
 + Level 5.9 Hexes


You had 10 spell levels left.
You knew the following spells:

 Your Spells              Type           Power        Failure   Level
a - Corona                Hex            25%          1%          1
b - Ensorcelled Hibernat  Hex/Ice        26%          7%          2
c - Confusing Touch       Hex            23%          3%          3

Your spell library contained the following spells:

 Spells                   Type           Power        Failure   Level
 Tukima's Dance           Hex            23%          3%          3
 Dazzling Flash           Conj/Hex       26%          13%         3


Dungeon Overview and Level Annotations

Branches:
Dungeon (5/15)
 Temple: D:4-7

Altars:
Okawaru

Shops:
D:4 }

Annotations:
D:3 1 runed translucent door, Wertik's ghost, amateur MfIE


Innate Abilities, Weirdness & Mutations

You are very small and have problems with some larger weapons.
You are too small for most types of armour.
You have supernaturally acute eyesight. (SInv)
You cover ground extremely quickly.


Message History

Press: ? - help, Shift-Dir - straight line, f/p - orc
Aim: an orc, wielding a +0 falchion (chance to affect: 62%)
The orc resists with significant effort.
Casting: Ensorcelled Hibernation (safe; 7% risk of failure)
Confirm with . or Enter, or press ? or * to list all spells.
Your hands begin to glow red.
The orc hits you with a +0 falchion.
You hit the orc but do no damage.
The centaur hits you from afar with a +0 glaive.
The centaur completely misses you. The orc hits you with a +0 falchion!
Unknown command.
You hit the orc but do no damage.
The orc appears confused.
You hit the orc.
The orc is moderately wounded.
The centaur completely misses you. The orc hits you with a +0 falchion.
You barely miss the orc.
The orc is moderately wounded.
The centaur hits you from afar with a +0 glaive.
* * * LOW HITPOINT WARNING * * *
The centaur hits you from afar with a +0 glaive!
You die...

# §§# #§#§#
#§§§# ##§## #§
## ##########.#
#.c.c.......
#o######.... .#
#@# . .......#
#.# ....#.###.#
#.#.....#.# ####
#.....#.#.# #..#
......#.#.###.##
#........#....#
#.#...#..#.#.##
#.#......#.#.#


You could see a centaur and an orc (confused).

Vanquished Creatures
  A phantom (D:4)
  2 black bears
  Blork the orc (D:5)
  A howler monkey (D:4)
  A jelly (D:2)
  A centaur skeleton (D:5)
  An orc priest (D:3)
  An orc wizard (D:4)
  Terence (D:3)
  A worker ant (D:4)
  8 gnolls
  7 adders
  A shadow imp (D:5)
  An ooze (D:3)
  4 worms
  3 dart slugs
  3 leopard geckos
  15 orcs
  A ball python (D:1)
  7 bats
  3 giant cockroaches
  7 goblins
  4 hobgoblins
  11 jackals
  2 quokkas (D:4)
  4 frilled lizards
  A jackal skeleton (D:4)
  3 kobolds
  12 rats
108 creatures vanquished.

Notes
Turn   | Place    | Note
-------+----------+-------------------------------------------
     0 | D:1      | Groucho the Spriggan Enchanter began the quest for the Orb.
     0 | D:1      | Reached XP level 1. HP: 9/9 MP: 5/5
   364 | D:1      | Reached skill level 5 in Stealth
   665 | D:2      | Noticed a jelly
   668 | D:2      | Killed a jelly
   669 | D:2      | Reached skill level 6 in Stealth
   669 | D:2      | Reached XP level 2. HP: 13/13 MP: 6/6
   669 | D:2      | Reached XP level 3. HP: 16/16 MP: 8/8
   674 | D:2      | Learned a level 2 spell: Ensorcelled Hibernation
   678 | D:2      | Learned a level 3 spell: Confusing Touch
   799 | D:1      | Reached skill level 7 in Stealth
  1735 | D:2      | Reached XP level 4. HP: 21/21 MP: 6/9
  4991 | D:3      | Found a runed translucent door.
  5011 | D:3      | Found an iron altar of Okawaru.
  5066 | D:3      | Reached skill level 8 in Stealth
  5128 | D:2      | Reached XP level 5. HP: 24/24 MP: 7/11
  5669 | D:3      | Noticed Wertik's ghost (amateur MfIE)
  5723 | D:3      | Noticed Terence
  5759 | D:3      | Killed Terence
  7411 | D:4      | HP: 1/24 [orc wizard/puff of flame (7)]
  7421 | D:3      | Reached XP level 6. HP: 11/28 MP: 7/12
  8046 | D:4      | Reached skill level 9 in Stealth
  8883 | D:4      | Reached skill level 5 in Hexes
  9082 | D:4      | Reached skill level 10 in Stealth
  9870 | D:4      | Reached XP level 7. HP: 32/32 MP: 9/15
 11130 | D:4      | Found Kiofry's Gadget Emporium.
 11167 | D:5      | Entered Level 5 of the Dungeon
 11224 | D:5      | Reached skill level 5 in Spellcasting
 11421 | D:5      | Noticed Blork the orc
 11428 | D:5      | Killed Blork the orc
 11483 | D:5      | Slain by a centaur

Illustrated notes

Levels and vault maps discovered:
D:1:      lemuel_arrival_cross, layout_rooms
D:2:      layout_loops_ring
D:3:      layout_loops_ring, ebering_ghost_reflecting_pool, serial_glass,
          glass_columns_b, glass_columns_a, glass_columns_a, glass_columns_a,
          glass_columns_c, glass_columns_a, okawaru_ov_weapons_minmay,
          uniq_terence
D:4:      black_bear_nest_2, layout_loops_cross, serial_shops, shop,
          kennysheep_small_spiral
D:5:      layout_basic, gammafunk_ghost_nasty_kobolds, uniq_blork_the_orc

Skill      XL: |  1  2  3  4  5  6  7 |
---------------+----------------------+-----
Stealth        | 6 7 8 10 | 10.9
Spellcasting   | 3 4 5 |  5.3
Hexes          | 4 5 |  5.9
Short Blades   | |  1.1
Dodging        | |  3.0

Action                   |  1- 3 |  4- 6 |  7- 9 || total
-------------------------+-------+-------+-------++-------
Melee: Dagger            |    64 |   159 |    58 ||   281
Throw: Stone             |     1 |     9 |       ||    10
       Dart              |       |    21 |     1 ||    22
 Cast: Corona            |     4 |       |       ||     4
       Ensorcelled Hiber |     5 |    63 |     8 ||    76
       Confusing Touch   |       |    12 |     6 ||    18
  Use: Potion            |     1 |     1 |       ||     2
       Scroll            |     2 |     2 |     3 ||     7
 Stab: Sleeping          |    15 |    51 |     5 ||    71
       Confused          |       |     8 |     5 ||    13
       Distracted        |       |     2 |       ||     2
Armor: Robe              |     8 |     7 |     1 ||    16
Dodge: Dodged            |    44 |    79 |    31 ||   154
